Map: Pillars of Gold LE

Players

Massa - Winner!

  • Race: Terran Terran
  • League: Platinum
  • Spawn Location: 1:00

NearEdge

  • Race: Protoss Protoss
  • League: Platinum
  • Spawn Location: 7:00

VOD

Have the link to the VOD?

Description

Time

  • Played on: Jan. 13, 2021, 11:50 a.m.
  • Length: 8:19
Show
View Real Time Build Order
Export as new Build Order

Massa Terran - Winner!

Build Orders: Reaper Expand 

Get SALT Encoding   

  12  0:00  SCV  
  13  0:12  SCV  
  14  0:18  Supply Depot  
  14  0:24  SCV  
  15  0:40  Barracks  
  15  0:41  SCV  
  16  0:47  Refinery  
  16  0:54  SCV  
  17  1:06  SCV  
  18  1:19  SCV  
  19  1:30  Reaper  
  20  1:33  Engineering Bay  
  20  1:43  Orbital Command  
  20  2:02  Marine, Command Center  
  21  2:08  SCV  
  22  2:23  SCV  
  23  2:56  Command Center  
  23  2:57  Refinery  
  23  3:04  Supply Depot  
  23  3:05  Factory  
  23  3:08  Barracks Tech Lab  
  23  3:14  SCV  
  24  3:26  SCV  
  25  3:36  Orbital Command  
  25  3:38  Marauder  
  25  3:39  Stimpack  
  25  3:40  SCV  
  28  3:50  Barracks  
  28  3:51  Factory Tech Lab  
  28  3:52  Barracks  
  26  4:02  Orbital Command  
  23  4:21  Siege Tank  
  26  4:24  SCV x2  
  26  4:28  SCV  
  31  4:31  Marauder  
  31  4:36  SCV  
  32  4:41  Engineering Bay  
  32  4:42  Barracks Reactor, Barracks Tech Lab  
  33  5:00  Widow Mine  
  33  5:01  Combat Shield  
  33  5:03  Marauder  
  33  5:04  Marauder  
  33  5:05  SCV  
  38  5:07  SCV  
  38  5:09  SCV  
  40  5:17  SCV  
  40  5:19  SCV  
  42  5:25  Marauder  
  42  5:27  Missile Turret  
  44  5:30  Missile Turret  
  44  5:32  Starport, Terran Infantry Weapons Level 1  
  44  5:34  Marauder  
  46  5:42  Missile Turret  
  46  5:43  SCV x2  
  46  5:49  Marauder, Marine  
  50  5:52  Marine  
  50  5:55  Marine  
  54  5:57  SCV  
  54  5:59  SCV  
  54  6:00  SCV  
  56  6:08  Supply Depot  
  56  6:10  Supply Depot  
  56  6:14  Medivac  
  56  6:16  Concussive Shells  
  58  6:21  Marauder  
  60  6:28  Marine  
  60  6:29  Marine  
  60  6:30  Marauder  
  64  6:35  Siege Tank  
  67  6:42  Marauder, Supply Depot  
  69  6:48  Refinery  
  69  6:51  Medivac  
  69  6:52  Marine x3  
  74  6:58  SCV  
  74  6:59  SCV  
  74  7:01  SCV  
  77  7:03  Marine  
  77  7:07  Supply Depot  
  78  7:10  SCV, Marine x3  
  82  7:41  Marauder x2, Marine x2  
  82  7:43  Siege Tank  
  91  7:59  Marine x2  
Show
View Real Time Build Order
Export as new Build Order

NearEdge Protoss 

Build Orders:  

Get SALT Encoding   

  12  0:00  Probe  
  13  0:12  Probe  
  14  0:18  Pylon  
  14  0:24  Probe  
  15  0:37  Gateway  
  15  0:39  Probe (Chrono Boost)  
  16  0:49  Probe (Chrono Boost)  
  17  0:52  Assimilator  
  17  0:54  Probe (Chrono Boost)  
  18  1:06  Probe  
  19  1:18  Probe  
  20  1:27  Cybernetics Core  
  20  1:38  Probe  
  21  1:52  Probe  
  22  1:54  Pylon  
  22  2:10  Pylon  
  22  2:12  Stalker (Chrono Boost)  
  24  2:19  Assimilator  
  24  2:23  Nexus  
  24  2:32  Warp Gate  
  22  2:37  Adept (Chrono Boost)  
  24  2:44  Probe  
  25  2:56  Probe  
  26  3:02  Stalker  
  28  3:10  Probe  
  29  3:12  Robotics Facility  
  29  3:22  Probe  
  30  3:39  Probe (Chrono Boost)  
  32  3:43  Probe (Chrono Boost)  
  32  3:56  Probe (Chrono Boost)  
  32  3:58  Probe (Chrono Boost)  
  32  4:01  Immortal  
  38  4:06  Probe (Chrono Boost)  
  38  4:09  Probe (Chrono Boost)  
  38  4:20  Pylon  
  38  4:25  Stalker  
  38  4:27  Probe x2  
  42  4:33  Pylon  
  42  4:40  Observer  
  42  4:42  Gateway  
  42  4:43  Probe  
  42  4:44  Probe, Gateway  
  45  4:53  Twilight Council  
  45  4:59  Probe x2  
  47  5:01  Stalker  
  49  5:09  Shield Battery  
  49  5:11  Probe x2  
  51  5:23  Probe x2  
  53  5:29  Charge  
  53  5:33  Observer  
  54  5:35  Nexus  
  54  5:37  Pylon  
  54  5:39  Assimilator  
  54  5:41  Zealot x3  
  60  5:43  Assimilator  
  60  5:48  Pylon  
  59  5:55  Observer  
  60  6:02  Probe  
  60  6:03  Probe  
  62  6:24  Probe x2  
  62  6:25  Robotics Bay  
  64  6:28  Gateway  
  64  6:29  Gateway, Stalker x3  
  70  6:36  Gateway  
  70  6:39  Probe (Chrono Boost), Gateway  
  72  6:40  Probe (Chrono Boost)  
  72  6:49  Probe (Chrono Boost)  
  72  6:52  Probe x2 (Chrono Boost)  
  75  6:59  Probe (Chrono Boost)  
  75  7:00  Forge  
  76  7:02  Pylon  
  76  7:05  Probe x2 (Chrono Boost)  
  76  7:06  Probe  
  79  7:12  Forge  
  79  7:13  Immortal (Chrono Boost)  
  79  7:22  Stalker x3  
  89  7:28  Pylon  
  89  7:30  Probe  
  89  7:31  Probe, Pylon  
  89  7:32  Probe  
  92  7:38  Sentry x4  
  92  7:41  Pylon  
  90  8:12  Stalker x5  
Tags
 
Add a new tag
Caveats
  • Supply blocks, unpowered buildings, or Contaminate may cause inaccurate times.
  • Supply counts are checked every 10 seconds.